 Dungeon Crawl Stone Soup version 0.31.0-11-ge490571c62 (webtiles) character file.

Game seed: 5028975959911934472

29787 hikkokomori the Fighter (level 13, -5/100 (108) HPs)
             Began as a Formicid Fighter on Jan 31, 2024.
             Was a High Priest of Okawaru.
             Killed from afar by a kobold blastminer (35 damage)
             ... with an iron shot
             ... on level 2 of the Orcish Mines.
             The game lasted 00:31:46 (16880 turns).

hikkokomori the Fighter (Formicid Fighter)         Turns: 16880, Time: 00:31:46

HP:   -5/100 (108)  AC: 12    Str: 25    XL:     13   Next: 83%
MP:   12/23         EV: 17    Int:  7    God:    Okawaru [*****.]
Gold: 564           SH: 12    Dex: 15    Spells: 16/25 levels left

rFire   + . .        B - +5 lajatang
rCold   . . .        a - +0 kite shield
rNeg    . . .        h - +2 leather armour {rF+}
rPois   .            (helmet unavailable)
rElec   .            J - +0 cloak {rCorr}
rCorr   +            (no gloves)
SInv    +            Q - +0 pair of boots
Will    +....        v - amulet of regeneration
Stlth   +            f - +4 ring of protection
HPRegen 1.16/turn    n - +5 ring of evasion
MPRegen 0.18/turn

%: no passive effects
@: very slightly contaminated, drained
A: permanent stasis, dig shafts and tunnels, antennae 3, four strong arms
a: Dig, Shaft Self, Renounce Religion, Heroism, Finesse, Duel


You were on level 2 of the Orcish Mines.
You worshipped Okawaru.
Okawaru was extremely pleased with you.
You visited 4 branches of the dungeon, and saw 18 of its levels.
You also visited: Ossuary.

You collected 1250 gold pieces.
You spent 686 gold pieces at shops.

Inventory:

Hand Weapons
 g - a +2 antimagic hand axe
 j - the +1 sling of the Egg {elec, *Slow Fly rPois Stlth+}
   (You found it on level 3 of the Dungeon)

   rPois:     It protects you from poison Fly: It grants you flight.
   *Slow:     It may slow you when you take damage.
   Stlth+:    It makes you more stealthy.
 x - the +1 short sword of Mourning {venom, rC++ rN+ Dex+3}
   (You found it on level 6 of the Dungeon)

   Dex+3:     It affects your dexterity (+3).
   rC++:      It greatly protects you from cold.
   rN+:       It protects you from negative energy.
 y - a +1 hand cannon of draining
 B - a +5 lajatang (weapon)
 V - the +11 shortbow "Zirar" {freeze, rPois Will+++ Int-2 SInv}
   (You found it on level 11 of the Dungeon)

   Int-2:     It affects your intelligence (-2).
   rPois:     It protects you from poison Will+++: It greatly increases your
   willpower.
   SInv:      It lets you see invisible.
Missiles
 O - 5 javelins
 T - 4 boomerangs
 U - a throwing net
Armour
 a - a +0 kite shield (worn)
 b - +0 steam dragon scales
 c - a +0 buckler
 h - a +2 leather armour of fire resistance (worn)
 z - a +0 kite shield of positive energy
 C - a +1 robe of willpower
 F - a +0 troll leather armour
 J - a +0 cloak of preservation (worn)
 Q - a +0 pair of boots (worn)
Jewellery
 f - a +4 ring of protection (left hand)
 n - a +5 ring of evasion (right hand)
 q - a ring of resist corrosion
 t - a ring of flight
 v - an amulet of regeneration (around neck)
 w - a +6 ring of dexterity
 G - a +5 ring of evasion
 M - an amulet of the acrobat
 P - a +6 ring of dexterity
Wands
 k - a wand of flame (84)
 m - a wand of roots (5)
 I - a wand of paralysis (1)
 L - a wand of quicksilver (5)
 S - a wand of polymorph (11)
 Z - a wand of mindburst (10)
Scrolls
 l - 2 scrolls of revelation
 p - a scroll of poison
 r - a scroll of enchant armour
 D - 2 scrolls of fear
 K - a scroll of identify
 N - a scroll of vulnerability {unknown}
 W - a scroll of noise {unknown}
 Y - a scroll of enchant weapon
Potions
 d - 2 potions of might
 e - a potion of curing
 i - 5 potions of mutation
 o - 5 potions of attraction
 s - 3 potions of berserk rage
 u - a potion of ambrosia
 A - a potion of heal wounds
 E - a potion of cancellation
 H - a potion of resistance
 R - a potion of degeneration {unknown}
 X - a potion of enlightenment


   Skills:
 + Level 12.2 Fighting
 - Level 4.1(5.1) Axes
 - Level 4.7(7.5) Polearms
 + Level 8.0(8.7) Staves
 + Level 5.1 Ranged Weapons
 - Level 4.2 Throwing
 - Level 7.6 Armour
 - Level 3.2 Dodging
 + Level 11.5 Shields
 + Level 6.9 Spellcasting
 - Level 8.0 Alchemy
 + Level 4.7 Invocations
 - Level 5.6 Evocations


You had 16 spell levels left.
You knew the following spells:

 Your Spells              Type           Power      Damage    Failure   Level
a - Olgreb's Toxic Radia  Alch           13%        N/A       16%         4
b - Irradiate             Conj/Alch      4%         3d13      91%         5

Your spell library contained the following spells:

 Spells                   Type           Power      Damage    Failure   Level
 Sting                    Conj/Alch      32%        1d5       8%          1
 Mercury Vapours          Alch/Air       16%        N/A       12%         2
 Shock                    Conj/Air       8%         1d3       38%         1
 Sublimation of Blood     Necr           2%         N/A       54%         2
 Petrify                  Alch/Erth      8%         N/A       61%         4
 Hailstorm                Conj/Ice       2%         3d5       77%         3
 Airstrike                Air            1%         2d(1-17)  99%         4
 Ozocubu's Refrigeration  Ice            1%         4d7       100%        7
 Polar Vortex             Ice            1%         N/A       100%        9
 Summon Ice Beast         Ice/Summ       Unusable   N/A       N/A         3
 Swiftness                Air            Unusable   N/A       N/A         3
 Sculpt Simulacrum        Ice/Alch       Unusable   N/A       N/A         6

Dungeon Overview and Level Annotations

Branches:
Dungeon (12/15)            Temple (1/1) D:5            Lair (3/5) D:8
 Shoals (0/4) Lair:2        Snake (0/4) Lair:3          Orc (2/2) D:12
Ossuary (visited)
    Elf: Orc:2

Altars:
Ashenzari
Cheibriados
Dithmenos
Elyvilon
Fedhas
Gozag
Hepliaklqana
Kikubaaqudgha
Makhleb
Nemelex Xobeh
Okawaru
Qazlal
Ru
Sif Muna
Trog
Uskayaw
Vehumet
Wu Jian
Xom
Yredelemnul
Zin
The Shining One

Shops:
D:5 (   D:6 ?=[   D:10 *   D:12 *

Annotations:
D:9 3 runed translucent doors, Drazool's ghost, journeyman NaSh
Lair:1 2 transporters, Zuma's ghost, journeyman AtCj


Innate Abilities, Weirdness & Mutations

You cannot be hasted, slowed, berserked, paralysed or teleported.
You can dig through walls and to a lower floor.
You have a pair of large antennae on your head. (SInv)
Your four strong arms can wield two-handed weapons with a shield.


Message History

An orc comes into view. It is wielding a +0 orcbow.
The orc warrior shoots an arrow.
The arrow misses you.
An orc warrior comes into view. It is wielding a +0 orcbow.
The orc warrior shoots an arrow.
You block the arrow.
The orc warrior shoots an arrow.
The arrow barely misses you.
The centaur shoots an arrow.
The arrow hits you.
The centaur shoots an arrow.
The arrow hits you but does no damage.
The centaur shoots an arrow.
You block the arrow.
The kobold blastminer shoots a bolt.
The bolt hits you!
The centaur shoots an arrow.
The arrow hits you but does no damage.
Unknown command.
Unknown command.
Unknown command.
Casting: Olgreb's Toxic Radiance (dangerous; 16% risk of failure)
Confirm with . or Enter, or press ? or * to list all spells.
You miscast Olgreb's Toxic Radiance.
You are very lightly contaminated with residual magic.
Nothing appears to happen.
The centaur shoots an arrow.
You block the arrow.
The centaur shoots an arrow.
The arrow hits you!
The orc warrior shoots an arrow.
The arrow barely misses you.
The orc shoots an arrow.
You block the arrow.
The orc warrior shoots an arrow.
The arrow misses you.
The orc warrior shoots an arrow.
You block the arrow.
The orc warrior shoots an arrow.
The arrow closely misses you.
The orc warrior shoots an arrow.
The arrow barely misses you.
The kobold blastminer shoots a bolt.
The bolt misses you.
The bolt hits the troll!
The centaur shoots an arrow.
The arrow hits you.
* * * LOW HITPOINT WARNING * * *
The centaur shoots an arrow.
The arrow barely misses you.
Unknown command.
Unknown command.
You kill the centaur!
Okawaru accepts your kill.
The centaur shoots an arrow.
The arrow closely misses you.
The orc warrior shoots an arrow.
You block the arrow.
The orc warrior shoots an arrow.
You block the arrow.
The orc warrior shoots an arrow.
You block the arrow.
The centaur unwields a +0 shortbow.
The centaur closely misses you. The centaur barely misses you.
The kobold blastminer blasts its cannon at you.
The iron shot hits you!!
You die...

.##............
#.......#...#..
...............
...............
...............
...............
.......c.......
.....T.@...K...
....c......o...
....o#.c..o)...
..........)....
...........K..o
...o.........#.
...oo).........
..o............
##.o##...###...


You could see an orc knight (poisoned), 2 kobold blastminers, a troll
(poisoned), 7 orc warriors and 3 centaurs.

Vanquished Creatures
  Erolcha (D:9)
  Erica (Lair:1)
  A boulder beetle (D:11)
  Nergalle (Lair:1)
  Amaemon (Lair:1)
  A skeletal warrior (D:12)
  Pikel (D:6)
  An ugly thing (D:12)
  An orc sorcerer (Orc:1)
  A salamander (Lair:3)
  Maurice (D:10)
  2 cyclopes (D:11)
  A kobold blastminer (Orc:1)
  2 black mambas (Lair:2)
  Joseph (Lair:1)
  An orange demon (Lair:1)
  Jeremiah (D:9)
  A gargoyle (D:12)
  An unseen horror zombie (D:9)
  4 unseen horrors
  A rime drake (Lair:3)
  11 komodo dragons
  12 blink frogs
  2 trolls
  A snapping turtle (Lair:2)
  A glass eye (Lair:3)
  4 dream sheep (Lair:3)
  A wraith (D:11)
  2 shadows
  A vampire (D:12)
  A basilisk (Lair:2)
  A water elemental (Lair:2)
  5 wyverns
  26 yaks
  2 steam dragons
  3 vampire mosquitoes (D:12)
  13 water moccasins
  5 orc warriors
  A sky beast (D:6)
  2 ice beasts (D:6)
  A black bear (Lair:1)
  An ogre (D:6)
  11 centaurs
  3 lemures (D:6)
  A phantom (D:5)
  An elf zombie (Ossuary)
  2 kobold brigands
  2 gnoll sergeants
  7 bullfrogs
  A scorpion (D:6)
  12 wights
  12 killer bees
  7 electric eels
  4 howler monkeys
  2 lava snakes (Lair:3)
  A bombardier beetle (D:7)
  2 centaur zombies
  2 human zombies (Ossuary)
  3 hounds
  2 gnoll boudas
  15 orc priests
  Crazy Yiuf (D:6)
  3 iguanas
  Terence (D:3)
  12 orc wizards
  2 mummies (Ossuary)
  5 hound zombies (Ossuary)
  24 gnolls
  11 adders
  3 shadow imps
  2 white imps (D:6)
  2 ufetubi (D:5)
  4 adder zombies (Ossuary)
  2 dart slugs
  5 ribbon worms
  62 orcs
  4 bats
  3 endoplasms
  A giant cockroach (D:2)
  37 goblins
  26 hobgoblins
  8 jackals
  6 quokkas
  8 ball pythons
  7 gnoll zombies (Ossuary)
  7 jackal zombies (Ossuary)
  19 kobolds
  4 kobold zombies (Ossuary)
  6 orc zombies (Ossuary)
  5 rats
492 creatures vanquished.

Vanquished Creatures (others)
  An orc (D:7)
1 creature vanquished.

Grand Total: 493 creatures vanquished

Notes
Turn   | Place    | Note
-------+----------+-------------------------------------------
     0 | D:1      | hikkokomori the Formicid Fighter began the quest for the
                  | Orb.
     0 | D:1      | Reached XP level 1. HP: 18/18 MP: 1/1
   166 | D:1      | Reached XP level 2. HP: 19/24 MP: 2/2
  1001 | D:2      | Reached XP level 3. HP: 29/29 MP: 3/3
  1530 | D:2      | Reached XP level 4. HP: 37/37 MP: 4/4
  1639 | D:2      | Reached skill level 4 in Fighting
  2150 | D:3      | Reached XP level 5. HP: 42/42 MP: 5/5
  2226 | D:3      | Noticed Terence
  2238 | D:3      | Killed Terence
  2239 | D:3      | Reached skill level 5 in Shields
  2329 | D:3      | Identified the +1 sling of the Egg {elec, *Slow Fly rPois
                  | Stlth+}
  2844 | D:4      | Found a shimmering blue altar of Sif Muna.
  3077 | D:4      | Reached skill level 1 in Ranged Weapons
  3159 | D:4      | Reached XP level 6. HP: 49/49 MP: 6/6
  3418 | D:5      | Entered Level 5 of the Dungeon
  3516 | D:5      | Found a broken altar of Ashenzari.
  3562 | D:5      | Found Faduump's Weapon Shop.
  3631 | D:5      | Found a staircase to the Ecumenical Temple.
  3670 | D:5      | Reached skill level 5 in Fighting
  3818 | D:5      | Reached skill level 5 in Armour
  3821 | D:5      | Reached XP level 7. HP: 34/56 MP: 7/7
  4065 | D:7      | Found a sand-covered staircase.
  4070 | Ossuary  | Entered an ossuary
  4253 | Ossuary  | Reached skill level 6 in Fighting
  4253 | Ossuary  | Reached XP level 8. HP: 63/64 MP: 8/8
  4606 | D:6      | Noticed a wyvern
  4624 | D:6      | Killed a wyvern
  4625 | D:6      | Reached skill level 7 in Fighting
  4625 | D:6      | Reached skill level 1 in Polearms
  4907 | D:6      | Noticed Pikel
  4921 | D:6      | Killed Pikel
  4922 | D:6      | Reached XP level 9. HP: 50/73 MP: 9/9
  5183 | D:6      | Identified the +1 short sword of Mourning {venom, rC++ rN+
                  | Dex+3}
  5242 | D:6      | Found a runed translucent door.
  5243 | D:6      | Noticed Crazy Yiuf
  5286 | D:6      | Found Mitoan's Magic Scroll Emporium.
  5368 | D:6      | Found Vaes's Jewellery Shoppe.
  5396 | D:6      | Reached skill level 8 in Fighting
  5396 | D:6      | Reached skill level 1 in Dodging
  5446 | D:6      | Found Xinaod Xiz's Antique Armour Boutique.
  7821 | D:6      | Killed Crazy Yiuf
  7946 | D:5      | Reached XP level 10. HP: 60/72 MP: 10/10
  8046 | D:5      | Reached skill level 1 in Staves
  8160 | D:5      | Bought a +3 lajatang for 448 gold pieces
  8605 | D:7      | Learned a level 4 spell: Olgreb's Toxic Radiance
  8790 | D:7      | Identified the +3 leather armour of the Lion {Rampage rElec
                  | rC- Regen+}
  8867 | D:7      | Reached skill level 1 in Alchemy
  8926 | D:7      | Reached skill level 9 in Fighting
  8927 | D:7      | Reached skill level 1 in Spellcasting
  9192 | D:7      | Found a sparkling altar of Nemelex Xobeh.
  9192 | D:7      | Found an opulent altar of Gozag.
  9307 | Temple   | Entered the Ecumenical Temple
  9461 | Temple   | Became a worshipper of Warmaster Okawaru
  9644 | D:8      | Found a shadowy altar of Dithmenos.
  9674 | D:8      | Reached * piety under Okawaru
 10272 | D:8      | Noticed a komodo dragon
 10285 | D:8      | Killed a komodo dragon
 10334 | D:8      | Found a staircase to the Lair.
 10530 | D:9      | Reached ** piety under Okawaru
 10574 | D:9      | Reached XP level 11. HP: 90/90 MP: 15/15
 10601 | D:9      | Noticed Erolcha
 10616 | D:9      | Killed Erolcha
 10617 | D:9      | Reached skill level 1 in Invocations
 10617 | D:9      | Reached skill level 1 in Evocations
 10743 | D:9      | Found a hide-covered altar of Uskayaw.
 10745 | D:9      | Noticed Jeremiah
 10762 | D:9      | Killed Jeremiah
 10795 | D:9      | Reached skill level 5 in Alchemy
 10862 | D:9      | Found a runed translucent gate.
 10864 | D:9      | Found an opulent altar of Gozag.
 10866 | D:9      | Found a runed translucent gate.
 10866 | D:9      | Found a runed translucent gate.
 10866 | D:9      | Noticed a tengu warrior
 10867 | D:9      | Noticed a centaur warrior
 10867 | D:9      | Noticed Drazool's ghost (journeyman NaSh)
 10871 | D:9      | Reached skill level 10 in Fighting
 10925 | D:9      | Found a basalt altar of Yredelemnul.
 11372 | D:10     | Entered Level 10 of the Dungeon
 11514 | D:10     | Reached *** piety under Okawaru
 11629 | D:10     | Found a white marble altar of Elyvilon.
 11629 | D:10     | Noticed Maurice
 11636 | D:10     | Maurice stole a +1 whip of electrocution
 11647 | D:10     | Killed Maurice
 11648 | D:10     | Reached skill level 5 in Staves
 11730 | D:10     | Found Egridong's Assorted Antiques.
 11746 | D:10     | Bought a scroll labelled LUOMUY WAEGAICVONG for 28 gold
                  | pieces
 11746 | D:10     | Bought a runed kite shield for 210 gold pieces
 11754 | D:10     | Learned a level 5 spell: Irradiate
 12015 | Lair:1   | Entered Level 1 of the Lair of Beasts
 12017 | Lair:1   | Noticed Joseph
 12063 | Lair:1   | Killed Joseph
 12103 | Lair:1   | Reached **** piety under Okawaru
 12203 | Lair:1   | Reached XP level 12. HP: 57/98 MP: 16/19
 12231 | Lair:1   | Reached skill level 5 in Spellcasting
 12406 | Lair:1   | Noticed Amaemon
 12417 | Lair:1   | Killed Amaemon
 12443 | Lair:1   | Noticed Zuma's ghost (journeyman AtCj)
 12504 | Lair:1   | Found a transporter.
 12518 | Lair:1   | Found a transporter.
 12635 | Lair:1   | Noticed Nergalle
 12645 | Lair:1   | Killed Nergalle
 12647 | Lair:1   | Noticed Erica
 12652 | Lair:1   | Killed Erica
 12652 | Lair:1   | Reached ***** piety under Okawaru
 13200 | Lair:2   | Reached skill level 11 in Fighting
 13326 | Lair:2   | Reached skill level 5 in Evocations
 13331 | Lair:2   | Reached skill level 1 in Throwing
 13348 | Lair:2   | Received a gift from Okawaru
 13350 | Lair:2   | Found a burning altar of Makhleb.
 13770 | Lair:2   | Reached skill level 10 in Shields
 14213 | Lair:2   | Found a staircase to the Shoals.
 14499 | Lair:3   | Reached XP level 13. HP: 95/106 MP: 19/22
 14723 | Lair:3   | Noticed a six-headed hydra
 14725 | Lair:3   | a six-headed hydra changed into a glass eye
 14900 | Lair:3   | Received a gift from Okawaru
 15174 | Lair:3   | Found a staircase to the Snake Pit.
 15612 | D:11     | Identified the +11 shortbow "Zirar" {freeze, rPois Will+++
                  | Int-2 SInv}
 15656 | D:11     | Reached skill level 12 in Fighting
 16080 | D:12     | Found Latwuqap's Demolitions Depot.
 16222 | D:12     | Received a gift from Okawaru
 16236 | D:12     | Identified the blade talisman of Objectivity {Dex+4}
 16464 | D:12     | Reached skill level 5 in Ranged Weapons
 16464 | D:12     | Found a hazy altar of Hepliaklqana.
 16483 | D:12     | Found a faded altar of an unknown god.
 16587 | D:12     | Found a staircase to the Orcish Mines.
 16614 | Orc:1    | Entered Level 1 of the Orcish Mines
 16679 | Orc:2    | Entered Level 2 of the Orcish Mines
 16880 | Orc:2    | Killed from afar by a kobold blastminer

Illustrated notes

Levels and vault maps discovered:
D:1:      sevenhm_arrival_forest_fort_large_2, layout_loops_corners,
          hangedman_decor_growths
D:2:      layout_basic
D:3:      layout_loops_ring, reono_crystal_passage, uniq_terence
D:4:      minmay_chambers_of_twos, layout_basic, nicolae_sif_muna_condensation
D:5:      layout_loops_cross, mainiacjoe_overflow_small_starburst,
          minmay_temple_entry_from_below_a, serial_shops, shop, st_stairs_1,
          nicolae_fountain_basement
D:6:      minmay_goblin_kobold_castle, layout_cave_pods, serial_shops,
          nicolae_diamond_shop, shop, nicolae_shop_back_alley_shop, uniq_pikel,
          uniq_crazy_yiuf_cottage
D:7:      nicolae_cairo_tiling_very_big, layout_basic,
          grunt_temple_overflow_opulence, enter_ossuary_2, minmay_crystal_room
D:8:      layout_basic, nicolae_dithmenos_through_a_glass_darkly,
          david_lair_shrubbed, hangedman_decor_lopped
D:9:      layout_irregular_city, nicolae_uskayaw_dance_hall,
          lemuel_zombie_altar_yredelemnul, ebering_ghost_gozag, uniq_erolcha,
          uniq_jeremiah
D:10:     layout_rooms, elyvilon_altar_3, serial_shops, shop, uniq_maurice
D:11:     layout_rooms, fungi_pond_lemuel
D:12:     layout_cave_pools, hiddenorc1_lemuel, nicolae_blasting_shop,
          beargit_hepliaklqana_dungeon_heroes
Temple:   nicolae_temple_superstar
Lair:1:   layout_cave_shapes, nzn_ghost_randoct, grunt_megastairs_2,
          infiniplex_staircase_pool, lemuel_fruit_tree, uniq_joseph, uniq_erica,
          uniq_nergalle, uniq_amaemon
Lair:2:   layout_cave_pods, minmay_shoals_entry_hut, lemuel_centaur_altar
Lair:3:   layout_regular_city, nicolae_snake_entry_warm_welcome
Orc:1:    layout_diamond_mine, regret_index_minedec_guest_junction
Orc:2:    st_orc_rangers, layout_caves

Skill      XL: |  1  2  3  4  5  6  7  8  9 10 11 12 13 |
---------------+----------------------------------------+-----
Fighting       | 4 5 6 7 8 9 10 11 12 | 12.2
Armour         | 4 5 7 |  7.6
Axes           | 3 4 |  4.1
Shields        | 5 7 8 10 11 | 11.5
Ranged Weapons | 1 2 3 4 5 |  5.1
Polearms       | 3 4 |  4.7
Dodging        | 2 3 |  3.2
Staves         | 3 5 6 8 |  8.0
Alchemy        | 4 6 7 8 |  8.0
Spellcasting   | 3 4 6 |  6.9
Invocations    | 2 4 |  4.7
Evocations     | 3 5 |  5.6
Throwing       | 2 4 |  4.2

Action                     |  1- 3 |  4- 6 |  7- 9 | 10-12 | 13-15 || total
---------------------------+-------+-------+-------+-------+-------++-------
  Melee: War axe           |   105 |    81 |   166 |       |       ||   352
         Whip              |       |       |   217 |       |       ||   217
         Hand axe          |       |       |    92 |       |       ||    92
         Quarterstaff      |       |       |     1 |    22 |       ||    23
         Lajatang          |       |       |       |   538 |   216 ||   754
   Fire: Sling             |       |   149 |   154 |       |       ||   303
         Shortbow          |       |       |       |       |    45 ||    45
   Cast: Olgreb's Toxic Ra |       |       |       |       |     8 ||     8
 Invoke: Heroism           |       |       |       |    10 |     6 ||    16
Ability: Dig               |       |       |    11 |     3 |       ||    14
  Evoke: Wand              |       |       |       |    16 |     3 ||    19
    Use: Scroll            |       |     7 |     3 |    11 |       ||    21
         Potion            |       |       |     5 |     2 |     1 ||     8
 Armour: Scale mail        |    62 |   125 |   305 |    19 |       ||   511
         Leather armour    |       |       |       |   269 |   128 ||   397
  Dodge: Dodged            |    50 |   119 |   390 |   463 |   198 ||  1220
  Block: Buckler           |    32 |    60 |   128 |   182 |       ||   402
         Kite shield       |       |       |       |    58 |   197 ||   255
